Description

This build order start like a standard Gladept Opening in PvZ. It's a Phoenix / Adept all-in.

You can play it macro if you want after the first pressure.

This replay comes from a Tournament: Patience vs RagnaroK.

VOD

https://youtu.be/ItdBhEtsnxc

Replay - Patience v RagnaroK - Ever Dream LE

Build Order

Get SALT Encoding   

  12  0:00  Probe  
  13  0:12  Probe  
  14  0:19  Pylon  
  14  0:24  Probe  
  15  0:33  Probe  
  15  0:40  Gateway  
  15  0:41  Probe  
  16  0:47  Assimilator  
  17  0:52  Probe  
  18  1:04  Probe  
  19  1:16  Probe  
  20  1:23  Nexus  
  20  1:33  Cybernetics Core  
  20  1:35  Probe  
  21  1:41  Assimilator  
  21  1:48  Probe  
  21  1:50  Pylon  
  23  2:12  Adept, Warp Gate  
  27  2:24  Twilight Council  
  29  2:42  Stalker  
  36  2:59  Robotics Facility  
  37  3:05  Resonating Glaives  
  40  3:24  Adept  
  43  3:31  Gateway x2  
  44  3:34  Warp Prism  
  44  3:36  Gateway  
  44  3:41  Pylon  
  46  3:52  Pylon  
  46  3:54  Assimilator x2  
  48  4:04  Observer  
  48  4:06  Adept  
  53  4:17  Pylon  
  54  4:32  Adept x4  
  62  4:43  Stargate x2  
  64  4:54  Adept x3  
  74  5:24  Phoenix x2  
  78  5:36  Nexus  
  78  5:41  Phoenix x2  
  81  6:08  Phoenix  
  81  6:13  Phoenix  
  89  6:32  Phoenix  
  97  6:38  Phoenix  
  102  6:50  Phoenix  
  112  7:25  Immortal  
  112  7:29  Phoenix  
  123  7:50  Sentry x3  
  131  7:52  Immortal  
  131  8:15  Stalker x4  
  139  8:20  Shield Battery x4  
  139  8:23  Immortal  
  141  8:51  Assimilator  
  141  8:52  Immortal  
  141  8:57  Assimilator  
  139  9:09  Stalker x4, Shield Battery x3  
  149  9:14  Shield Battery  
  147  9:21  Immortal  
  137  9:35  Stalker  
Spawning Tool Build Advisor. Get it on Overwolf

Go to:

Details

  • Created by: zuka      
  • Published on: Aug 01, 2020
  • Modified on: Aug 01, 2020
  • Patch: 4.11.0
  • Difficulty: Medium
Show
View Real Time Build Order
Export as new Build Order

Comments (0)

There are no comments. Be the first!

Create an account to comment!